 Dungeon Crawl Stone Soup version 0.29.1-15-g9cfb28693d (webtiles) character file.

Game seed: 6306541634320074004

54 Jase the Shield-Bearer (level 4, -3/37 HPs)
             Began as a Formicid Fighter on Apr 20, 2023.
             Killed by divine providence
             ... invoked by an orc priest
              (15 damage)
             ... on level 2 of the Dungeon.
             The game lasted 00:01:57 (1353 turns).

Jase the Shield-Bearer (Formicid Fighter)           Turns: 1353, Time: 00:01:58

Health: -3/37      AC:  7    Str: 22    XL:     4   Next: 12%
Magic:  4/4        EV:  9    Int:  8    God:
Gold:   94         SH:  5    Dex: 13    Spells: 3/3 levels left

rFire   . . .      SeeInvis +   a - +0 flail
rCold   . . .      Faith    .   c - +0 buckler
rNeg    . . .      Spirit   .   b - +0 scale mail
rPois   .          Reflect  .   (helmet unavailable)
rElec   .          Harm     .   (no cloak)
rCorr   .          Rampage  .   (no gloves)
Will    .....                   (no boots)
Stlth   ..........              (no amulet)
HPRegen 0.12/turn               (no ring)
MPRegen 0.09/turn               (no ring)

@: no status effects
A: permanent stasis, dig shafts and tunnels, antennae 3, four strong arms
a: Dig, Shaft Self


You were on level 2 of the Dungeon.
You visited 1 branch of the dungeon, and saw 2 of its levels.

You collected 94 gold pieces.

Inventory:

Hand Weapons
 a - a +0 flail (weapon)
Missiles
 e - 28 stones
Armour
 b - a +0 scale mail (worn)
 c - a +0 buckler (worn)
Scrolls
 f - 2 scrolls of identify {unknown}
 j - a scroll of enchant weapon {unknown}
Potions
 d - a potion of might
 g - a potion of attraction {unknown}
 h - a potion of haste {unknown}
 i - a potion of curing {unknown}


   Skills:
 + Level 3.8 Fighting
 + Level 2.6 Maces & Flails
 + Level 3.8 Armour
 + Level 4.6 Shields


You had 3 spell levels left.
You didn't know any spells.
Your spell library was empty.

Dungeon Overview and Level Annotations

Branches:
Dungeon (2/15)

Altars:


Innate Abilities, Weirdness & Mutations

You cannot be hasted, slowed, berserked, paralysed or teleported.
You can dig through walls and to a lower floor.
You have a pair of large antennae on your head. (SInv)
Your four strong arms can wield two-handed weapons with a shield.


Message History

i - an amethyst potion You see here a hobgoblin corpse.
Found a stone staircase leading up.
You now have 85 gold pieces (gained 15).
You now have 94 gold pieces (gained 9).
j - a scroll labelled HAS ZUTHENESYS You sense a monster nearby.
You sense a monster nearby.
Okay, then.
No target in view! 2 orcs come into view.
The orc shouts! x2; You hear a shout!
An orc comes into view. It is wielding a +0 short sword.
You hear a shout!
An orc priest comes into view. It is wielding a +0 flail.
The orc throws a boomerang.
The boomerang barely misses you.
You hit the orc.
The orc is heavily wounded.
You block the orc's attack.
You sock the orc!
You kill the orc!
You block the orc priest's attack.
You barely miss the orc priest.
The orc priest mumbles some strange prayers to Beogh against you.
Beogh smites you!
You closely miss the orc priest. You block the orc priest's attack.
You hit the orc priest but do no damage.
The orc priest hits you with a +0 flail.
You thump the orc priest!
The orc priest is almost dead.
The orc priest hits you with a +0 flail.
You block the orc priest's attack.
You hit the orc priest.
The orc priest is almost dead.
The orc priest hits you with a +0 flail.
You hit the orc priest but do no damage.
The orc priest is almost dead.
The orc priest calls down the wrath of Beogh upon you.
Beogh smites you!
You die...

#.. #.......#.#. ..
#.......#.#. ..
#####.....#. .###
#.....#. ..#
#.....#. #.#
#.....#. # #.#
#...††#.
#.###o###########.#.
+..@oo............†.
###############...#.
#####.###.
#.....#### #.###...#
#.###...# #.......#
##......# #......#


You could see an orc priest and 2 orcs.

Vanquished Creatures
  2 adders (D:2)
  A worm (D:2)
  A dart slug (D:1)
  An orc (D:2)
  A ball python (D:2)
  2 endoplasms (D:1)
  2 hobgoblins
  2 quokkas
  4 bats
  2 frilled lizards (D:1)
  3 goblins
  5 kobolds
  4 rats
30 creatures vanquished.

Notes
Turn   | Place    | Note
-------+----------+-------------------------------------------
     0 | D:1      | Jase the Formicid Fighter began the quest for the Orb.
     0 | D:1      | Reached XP level 1. HP: 18/18 MP: 1/1
   275 | D:1      | Reached XP level 2. HP: 22/24 MP: 2/2
   866 | D:1      | Reached XP level 3. HP: 29/29 MP: 3/3
  1214 | D:2      | Reached XP level 4. HP: 37/37 MP: 4/4
  1353 | D:2      | Killed from afar by an orc priest

Illustrated notes

Levels and vault maps discovered:
D:1:      lightli_arrival_quake, layout_loops_ring, glass_columns_a, hex_medium
D:2:      layout_basic

Action                   |  1- 3 |  4- 6 || total
-------------------------+-------+-------++-------
Melee: Flail             |    77 |    17 ||    94
Armor: Scale mail        |    38 |     8 ||    46
Dodge: Dodged            |    36 |    10 ||    46
Block: Buckler           |    16 |    10 ||    26
